Selects Airborne Battlegroup
Construct Weapon Support Center
Selects Paratrooper Squad Paradrop
Paratrooper Squad Paradrop
Paratrooper Squad Paradrop
Construct Medical Station
Mechanized Support Center
Paratrooper Squad Paradrop
Selects Anti-tank Gun Team Paradrop
Selects Paradrop Reinforcements
Selects Carpet Bombing Run
Anti-tank Gun Team Paradrop
Designate Forward Repair Station
Improved M9 Bazooka Rockets
M4A1(76) Sherman Medium Tank
Designate Forward Repair Station